 Dungeon Crawl Stone Soup version 0.25.0-45-g978344163c (webtiles) character file.

Game seed: 7673819293820489378

53 Descartes the Skirmisher (level 3, -1/18 HPs)
             Began as a Felid Wanderer on July 11, 2020.
             Slain by an orc
             ... wielding a cursed +0 war axe
              (10 damage)
             ... on level 3 of the Dungeon.
             The game lasted 00:04:29 (3247 turns).

Descartes the Skirmisher (Felid Wanderer)           Turns: 3247, Time: 00:04:30

Health: -1/18      AC:  1    Str:  6    XL:     3   Next: 62%
Magic:  5/5        EV: 17    Int: 16    God:
Gold:   127        SH:  0    Dex: 15    Spells: 1/2 levels left
                                        Lives:  0   Deaths: 1

rFire    . . .     SeeInvis +     - Unarmed
rCold    . . .     Gourm    .   (shield unavailable)
rNeg     . . .     Faith    .   (armour unavailable)
rPois    .         Spirit   .   (helmet unavailable)
rElec    .         Reflect  .   (cloak unavailable)
rCorr    .         Harm     .   (gloves unavailable)
MR       .....                  (boots unavailable)
Stlth    +++.......             (no amulet)
HPRegen  0.06/turn              (no ring)
MPRegen  0.09/turn              (no ring)

@: quick
A: very small, no armour, no weapons or thrown items, stealth, claws 1, fangs 3,
see invisible, carnivore, speed 1, shaggy fur 1, slow metabolism 1, sharp paws
a: no special abilities


You were on level 3 of the Dungeon.
You were completely stuffed.

You visited 1 branch of the dungeon, and saw 3 of its levels.

You collected 127 gold pieces.

Inventory:

Missiles
 i - 74 stones
 m - 16 arrows
Wands
 c - a wand of random effects (15)
Scrolls
 a - 2 scrolls of identify {unknown}
 f - 3 scrolls of teleportation {unknown}
 h - 2 scrolls of remove curse {unknown}
 j - a scroll of immolation {unknown}
 n - a scroll of fog {unknown}
Potions
 b - a potion of curing
 e - 2 potions of lignification {unknown}
 g - a potion of stabbing {unknown}
 k - a potion of ambrosia {unknown}
Comestibles
 d - 5 rations
 l - a chunk of flesh


   Skills:
 - Level 4.0 Fighting
 + Level 2.2 Dodging
 * Level 3.6 Stealth
 * Level 2.8 Unarmed Combat
 - Level 2.6 Ice Magic
 - Level 2.1 Evocations


You had one spell level left.
You knew the following spells:

 Your Spells              Type           Power        Failure   Level  Hunger
a - Freeze                Ice            #...         9%          1    ##.....

Your spell library contained the following spells:

 Spells                   Type           Power        Failure   Level  Hunger
 Frozen Ramparts          Ice            #.....       26%         3    ####...
 Ozocubu's Armour         Chrm/Ice       #.......     41%         3    ####...
 Hailstorm                Conj/Ice       #.......     82%         4    #####..
 Summon Ice Beast         Ice/Summ       #.......     82%         4    #####..


Dungeon Overview and Level Annotations

Branches:
Dungeon (3/15)

Altars:
Trog


Innate Abilities, Weirdness & Mutations

You cannot wear armour.
You are incapable of wielding weapons or throwing items.
Your paws allow you to move quietly. (Stealth)
You have sharp claws.
You have razor-sharp teeth.
You have supernaturally acute eyesight. (SInv)
You are carnivorous and can eat meat at any time.
You cover ground quickly.
You are covered in fur. (AC +1)
You have a slow metabolism.
Your sharp claws are effective at attacking unaware monsters.


Message History

The orc hits you with a +0 whip.
You barely miss the orc.
The orc is heavily wounded.
The orc hits you with a +0 whip.
You barely miss the orc. You bite the orc.
The orc is almost dead.
The orc hits you with a +0 whip.
You scratch the orc but do no damage.
The orc is almost dead.
The orc misses you.
You scratch the orc.
You kill the orc!
You scratch the orc but do no damage.
The orc is moderately wounded.
The orc barely misses you.
You scratch the orc.
The orc is heavily wounded.
The orc hits you with a cursed +0 war axe!
Ouch! That really hurt!
You die...

..... ## .... ... .... #..
... # #.###.### .#
####..##... ..
######........#
.o#####......#####.)#####...
..............oo@...........
....$?############<#.######.
..##### #..#.# .# #.##.# #
#.##.. ..###. ..## .. #.. ##
#..


You could see 2 orcs.

Vanquished Creatures
  4 adders (D:2)
  An ooze (D:1)
  A dart slug (D:1)
  A leopard gecko (D:1)
  An orc (D:3)
  4 giant cockroaches
  7 hobgoblins
  A quokka (D:1)
  9 bats
  4 frilled lizards
  11 goblins
  5 kobolds
  7 rats
56 creatures vanquished.

Notes
Turn   | Place    | Note
-------+----------+-------------------------------------------
     0 | D:1      | Descartes the Felid Wanderer began the quest for the Orb.
     0 | D:1      | Descartes set off with the following items: a potion of
                  | curing, a wand of random effects (15), a ration; and the
                  | following spell memorised: Freeze; and the following spells
                  | available to memorise: Frozen Ramparts, Ozocubu's Armour,
                  | Hailstorm, Summon Ice Beast
     0 | D:1      | Reached XP level 1. HP: 11/11 MP: 3/3
   441 | D:1      | Reached skill level 1 in Stealth
   590 | D:1      | Reached XP level 2. HP: 15/15 MP: 4/4
   652 | D:1      | Reached skill level 1 in Dodging
  1586 | D:1      | Reached XP level 3. HP: 10/18 MP: 5/5
  2499 | D:2      | Found a bloodstained altar of Trog.
  2504 | D:2      | Reached XP level 4. HP: 22/22 MP: 6/6
  2868 | D:1      | Slain by a quokka
  2869 | D:1      | Reached XP level 3. HP: -1/18 MP: 5/5
  3247 | D:3      | Slain by an orc

Illustrated notes

Levels and vault maps discovered:
D:1:      heliophobic_arrival_henge, layout_loops_ring
D:2:      layout_rooms, lemuel_round_altar, minmay_goblin_outpost
D:3:      layout_rooms

Skill      XL: |  1  2  3 |
---------------+----------+-----
Stealth        | 1 2 3 |  3.6
Dodging        | 1 2 |  2.2
Unarmed Combat | 2 |  2.8
Fighting       | |  4.0
Ice Magic      | |  2.6
Evocations     | |  2.1

Action                   |  1- 3 |  4- 6 || total
-------------------------+-------+-------++-------
Melee: Unarmed           |   196 |    24 ||   220
       Bite              |    13 |     1 ||    14
       Punch             |       |     1 ||     1
 Stab: Sleeping          |    11 |     1 ||    12
  Eat: Chunk             |    17 |       ||    17
Armor: Skin              |     8 |     1 ||     9
Dodge: Dodged            |   160 |    28 ||   188
